Map: 공허의 출격

Players

펜타네스트

  • Race: Zerg Zerg

펜타네스트

  • Race: Terran Terran
  • Spawn Location: 6:00

VOD

Have the link to the VOD?

Description

Time

  • Played on: March 16, 2018, 8:14 a.m.
  • Length: 24:18
Show
View Real Time Build Order
Export as new Build Order

펜타네스트 Zerg 

Build Orders:  

Get SALT Encoding   

  18  0:03  Primal Drone  
  19  0:11  Primal Drone  
  19  0:18  Primal Drone  
  21  0:25  Primal Drone  
  22  0:33  Primal Drone  
  22  0:39  Extractor  
  23  1:02  Primal Warden  
  23  1:06  Primal Drone  
  25  1:14  Extractor  
  25  1:19  Primal Drone  
  26  1:26  Primal Drone  
  27  1:39  Primal Drone  
  28  1:57  Primal Drone  
  29  2:06  Glevig's Den, Primal Zergling  
  29  2:14  Primal Drone  
  30  2:43  Primal Drone x2  
  32  3:07  Primal Hive  
  37  3:14  Primal Drone  
  38  3:22  Primal Drone  
  39  3:32  Primal Drone  
  40  3:46  Primal Drone, Murvar's Den  
  40  4:01  Primal Drone  
  41  4:20  Primal Drone  
  42  4:41  Primal Drone  
  45  4:55  Primal Hive  
  45  4:57  Extractor  
  45  4:58  Primal Drone  
  45  4:59  Primal Drone x2  
  48  5:07  Primal Drone x2  
  50  5:20  Primal Drone x2  
  50  5:21  Extractor  
  50  5:24  Primal Warden x2  
  50  5:27  Primal Drone  
  53  5:36  Primal Drone  
  54  5:59  Primal Drone x3  
  57  6:07  Primal Warden  
  57  6:22  Primal Drone x2  
  57  6:23  Primal Reconstitution  
  57  6:25  Primal Drone  
  60  6:30  Dakrun's Den  
  60  6:36  Primal Hydralisk  
  60  6:37  Primal Hydralisk  
  63  6:44  Primal Drone x3  
  66  6:55  Primal Drone  
  67  7:05  Primal Hydralisk x3  
  67  7:06  Primal Mutalisk  
  72  7:12  Primal Hydralisk  
  72  7:13  Primal Drone  
  72  7:14  Primal Drone  
  76  7:21  Primal Hydralisk  
  78  7:44  Primal Hydralisk x4  
  78  7:46  Primal Mutalisk  
  85  7:53  Slicing Glave  
  85  8:05  Primal Mutalisk  
  85  8:07  Primal Hydralisk  
  86  8:18  Primal Hydralisk x4  
  86  8:19  Primal Hydralisk x2  
  98  8:30  Primal Mutalisk x2  
  96  8:46  Primal Hydralisk  
  98  8:54  Primal Mutalisk x2  
  98  8:55  Primal Mutalisk  
  98  8:59  Primal Attacks Level 1, Primal Mutalisk  
  95  9:01  Primal Zergling x6  
  95  9:02  Primal Zergling x3  
  104  9:20  Primal Hydralisk x3  
  110  9:36  Primal Warden  
  110  9:56  Primal Hydralisk  
  110  9:57  Primal Hydralisk x6  
  123  10:08  Primal Mutalisk  
  117  10:27  Primal Hydralisk  
  117  10:28  Primal Hydralisk x2  
  123  10:35  Primal Mutalisk  
  123  10:36  Primal Mutalisk x2  
  123  10:38  Primal Hydralisk  
  122  10:40  Primal Mutalisk  
  122  10:47  Primal Hydralisk  
  122  10:48  Primal Hydralisk x3  
  123  10:56  Primal Hydralisk  
  123  10:57  Primal Hydralisk x3  
  123  10:58  Primal Mutalisk  
  130  11:06  Primal Drone x4  
  131  11:18  Primal Zergling, Primal Hydralisk x2  
  134  11:42  Primal Zergling  
  135  11:58  Primal Zergling  
  136  12:06  Primal Mutalisk  
  136  12:07  Primal Mutalisk x2  
  136  12:08  Primal Mutalisk  
  136  12:09  Primal Mutalisk  
  131  12:18  Primal Zergling x4  
  131  12:19  Primal Zergling x6  
  141  12:20  Primal Zergling  
  141  12:21  Primal Zergling x4  
  145  12:35  Primal Zergling  
  145  12:36  Primal Zergling  
  145  12:37  Primal Zergling  
  144  12:55  Primal Zergling x2, Primal Hydralisk x3  
  148  13:08  Primal Attacks Level 2  
  148  13:10  Primal Hydralisk x4  
  154  13:51  Primal Hydralisk x6  
  154  13:52  Primal Hydralisk x4  
  154  13:59  Primal Mutalisk  
  169  14:01  Primal Mutalisk  
  161  14:25  Primal Mutalisk x5  
  156  14:50  Primal Drone x4  
  156  14:51  Primal Drone  
  164  15:02  Primal Wurm x2  
  164  15:03  Primal Wurm  
  164  15:17  Shifting Carapace  
  166  15:20  Primal Wurm  
  166  15:21  Primal Wurm  
  166  15:46  Primal Wurm  
  166  15:47  Primal Wurm  
  170  16:21  Primal Wurm  
  170  16:26  Primal Wurm  
  161  17:30  Primal Wurm  
  161  17:32  Primal Wurm x2  
  161  17:35  Primal Wurm  
  161  17:36  Primal Wurm x2  
  161  17:39  Primal Drone x3  
  164  17:40  Primal Drone x2  
  166  17:57  Primal Warden  
  166  17:58  Primal Warden  
  166  18:01  Primal Warden  
  166  18:05  Primal Warden  
  169  18:41  Primal Wurm  
  169  18:42  Primal Wurm  
  169  18:44  Primal Wurm  
  169  18:47  Primal Attacks Level 3, Primal Carapace Level 1  
  169  19:13  Primal Drone x3  
  173  19:20  Primal Wurm  
  175  19:51  Primal Wurm  
  175  19:52  Primal Wurm  
  177  20:21  Primal Wurm x2  
  177  20:34  Primal Wurm  
  178  21:15  Primal Wurm  
  178  21:17  Primal Wurm  
  180  21:46  Primal Wurm  
  180  21:47  Primal Wurm  
  183  22:11  Primal Wurm  
  184  22:22  Primal Wurm  
  184  22:37  Primal Wurm  
Show
View Real Time Build Order
Export as new Build Order

펜타네스트 Terran 

Build Orders:  

Get SALT Encoding   

Tags
 
Add a new tag
Caveats
  • Supply blocks, unpowered buildings, or Contaminate may cause inaccurate times.
  • Supply counts are checked every 10 seconds.